2858 views
Uploaded 2020-01-20 18:47:41
Game version 1.32.0.6
4:02 long 3on3 ladder game on (6)StranglethornVale
Saved by BEARAND
2858 views
Uploaded 2020-01-20 18:47:41
Game version 1.32.0.6
4:02 long 3on3 ladder game on (6)StranglethornVale


39 units @ 2.9k
/ 0k
33 buildings @ 2.8k
/ 0.9k

| Peasant | 16 | 1200 | / | 0 |
| total: | 16 | 1200g | / | 0w |
| Scout Tower | 7 | 210 | / | 140 |
| Arcane Tower | 1 | 70 | / | 50 |
| Guard Tower | 3 | 210 | / | 150 |
| Altar of Kings | 1 | 180 | / | 50 |
| Farm | 4 | 320 | / | 80 |
| Lumber Mill | 1 | 120 | / | 0 |
| total: | 13 | 830g | / | 270w |
| 0:05 | Altar of Kings |
| 0:11 | Farm |
| 0:11 | Peasant |
| 0:12 | Peasant |
| 0:26 | Peasant |
| 0:26 | Peasant |
| 0:43 | Lumber Mill |
| 0:52 | Peasant |
| 0:58 | Farm |
| 1:02 | Scout Tower |
| 1:06 | Peasant |
| 1:19 | Farm |
| 1:26 | Peasant |
| 1:30 | Arcane Tower |
| 1:36 | Peasant |
| 1:48 | Scout Tower |
| 2:06 | Farm |
| 2:25 | Scout Tower |
| 2:25 | Guard Tower |
| 2:26 | Peasant |
| 2:27 | Peasant |
| 2:29 | Blizzard |
| 2:45 | Peasant |
| 2:45 | Peasant |
| 2:52 | Scout Tower |
| 2:53 | Guard Tower |
| 2:56 | Scout Tower |
| 2:57 | Peasant |
| 2:57 | Peasant |
| 2:58 | Peasant |
| 3:34 | Peasant |
| 3:45 | Brilliance Aura |
| 3:48 | Guard Tower |
| 3:51 | Scout Tower |
| 3:55 | Scout Tower |
| Right click | 221 |
| Select group | 171 |
| Select | 38 |
| Build/train/purchase | 23 |
| Minimap ping | 23 |
| Assign group | 5 |
| Use ability | 3 |

| Healing Salve | 1 | 100 |
| total: | 1 | 100g |
| Peasant | 12 | 900 | / | 0 |
| total: | 12 | 900g | / | 0w |
| Scout Tower | 7 | 210 | / | 140 |
| Arcane Tower | 1 | 70 | / | 50 |
| Guard Tower | 3 | 210 | / | 150 |
| Altar of Kings | 1 | 180 | / | 50 |
| Farm | 2 | 160 | / | 40 |
| Lumber Mill | 2 | 240 | / | 0 |
| total: | 12 | 790g | / | 230w |
| 0:01 | Peasant |
| 0:02 | Peasant |
| 0:07 | Altar of Kings |
| 0:19 | Farm |
| 0:19 | Peasant |
| 0:24 | Scout Tower |
| 0:28 | Farm |
| 0:34 | Peasant |
| 0:40 | Peasant |
| 1:02 | Peasant |
| 1:04 | Lumber Mill |
| 1:09 | Lumber Mill |
| 1:13 | Peasant |
| 1:13 | Peasant |
| 1:26 | Scout Tower |
| 1:34 | Arcane Tower |
| 1:48 | Peasant |
| 1:53 | Scout Tower |
| 1:54 | Peasant |
| 2:02 | Scout Tower |
| 2:07 | Blizzard |
| 2:10 | Guard Tower |
| 2:15 | Scout Tower |
| 2:22 | Peasant |
| 2:22 | Peasant |
| 2:47 | Guard Tower |
| 2:49 | Improved Masonry |
| 3:14 | Guard Tower |
| 3:17 | Scout Tower |
| 3:18 | Scout Tower |
| 3:50 | Healing Salve |
| Right click | 169 |
| Select | 91 |
| Select group | 40 |
| Build/train/purchase | 21 |
| Chat | 20 |
| Assign group | 5 |
| Use ability | 3 |

| Healing Salve | 1 | 100 |
| total: | 1 | 100g |
| Peon | 11 | 825 | / | 0 |
| total: | 11 | 825g | / | 0w |
| Watch Tower | 3 | 330 | / | 240 |
| Altar of Storms | 1 | 180 | / | 50 |
| Orc Burrow | 2 | 320 | / | 80 |
| War Mill | 1 | 205 | / | 0 |
| Voodoo Lounge | 1 | 130 | / | 30 |
| Stronghold | 1 | 315 | / | 190 |
| total: | 8 | 1165g | / | 400w |
| 0:02 | Peon |
| 0:02 | Peon |
| 0:05 | Altar of Storms |
| 0:18 | Orc Burrow |
| 0:24 | Peon |
| 0:37 | Peon |
| 0:49 | War Mill |
| 0:51 | Peon |
| 1:04 | Voodoo Lounge |
| 1:13 | Peon |
| 1:21 | Peon |
| 1:37 | Peon |
| 1:46 | Orc Burrow |
| 2:01 | Watch Tower |
| 2:06 | Wind Walk |
| 2:09 | Peon |
| 2:15 | Healing Salve |
| 2:28 | Watch Tower |
| 2:30 | Peon |
| 2:47 | Watch Tower |
| 3:08 | Peon |
| 3:43 | Stronghold |
| Right click | 211 |
| Select | 79 |
| Build/train/purchase | 17 |
| Select group | 4 |
| Assign group | 3 |
| Use ability | 1 |
30 units @ 2.7k
/ 0.1k
14 buildings @ 2.4k
/ 0.6k

| Wisp | 9 | 540 | / | 0 |
| Archer | 3 | 390 | / | 30 |
| total: | 12 | 930g | / | 30w |
| Altar of Elders | 1 | 180 | / | 50 |
| Moon Well | 2 | 360 | / | 80 |
| Ancient of War | 1 | 150 | / | 60 |
| Tree of Ages | 1 | 320 | / | 180 |
| total: | 4 | 690g | / | 190w |
| 0:02 | Wisp |
| 0:02 | Wisp |
| 0:06 | Altar of Elders |
| 0:18 | Moon Well |
| 0:23 | Wisp |
| 0:35 | Wisp |
| 0:48 | Ancient of War |
| 0:55 | Wisp |
| 0:55 | Wisp |
| 1:18 | Moon Well |
| 1:26 | Wisp |
| 1:49 | Archer |
| 1:50 | Archer |
| 1:53 | Wisp |
| 1:53 | Wisp |
| 2:11 | Force of Nature |
| 2:33 | Archer |
| 2:39 | Tree of Ages |
| Select group | 61 |
| Right click | 51 |
| Select | 44 |
| Build/train/purchase | 15 |
| Misc. action | 12 |
| Assign group | 5 |
| Use ability | 2 |

| Wisp | 6 | 360 | / | 0 |
| Archer | 3 | 390 | / | 30 |
| total: | 9 | 750g | / | 30w |
| Altar of Elders | 1 | 180 | / | 50 |
| Moon Well | 2 | 360 | / | 80 |
| Ancient of War | 1 | 150 | / | 60 |
| total: | 4 | 690g | / | 190w |
| 0:08 | Wisp |
| 0:14 | Altar of Elders |
| 0:27 | Moon Well |
| 0:31 | Ancient of War |
| 0:32 | Wisp |
| 0:34 | Wisp |
| 0:44 | Wisp |
| 0:56 | Wisp |
| 1:07 | Wisp |
| 1:34 | Archer |
| 1:36 | Archer |
| 2:02 | Moon Well |
| 2:12 | Archer |
| 2:29 | Searing Arrows |
| Select | 29 |
| Right click | 18 |
| Build/train/purchase | 12 |
| Use ability | 3 |
| Select group | 3 |
| Assign group | 1 |

| Rod of Necromancy | 1 | 150 |
| Sacrificial Skull | 1 | 50 |
| total: | 2 | 200g |
| Acolyte | 2 | 150 | / | 0 |
| Ghoul | 7 | 840 | / | 0 |
| total: | 9 | 990g | / | 0w |
| Nerubian Tower | 1 | 100 | / | 20 |
| Ziggurat | 2 | 300 | / | 100 |
| Altar of Darkness | 1 | 180 | / | 50 |
| Crypt | 1 | 200 | / | 50 |
| Tomb of Relics | 1 | 130 | / | 30 |
| Graveyard | 1 | 215 | / | 0 |
| total: | 6 | 1025g | / | 230w |
| 0:04 | Acolyte |
| 0:04 | Acolyte |
| 0:09 | Ziggurat |
| 0:12 | Altar of Darkness |
| 0:36 | Crypt |
| 0:54 | Tomb of Relics |
| 1:24 | Ziggurat |
| 1:34 | Graveyard |
| 1:43 | Ghoul |
| 1:43 | Ghoul |
| 1:59 | Ghoul |
| 2:17 | Rod of Necromancy |
| 2:26 | Ghoul |
| 2:26 | Ghoul |
| 2:29 | Sacrificial Skull |
| 2:35 | Death Coil |
| 2:47 | Ghoul |
| 2:47 | Ghoul |
| 2:52 | Nerubian Tower |
| Chat | 80 |
| Right click | 62 |
| Select | 57 |
| Build/train/purchase | 15 |
โ